Unix NetHack Version 5.0.0-0 post-release - last build May 31 2026 23:59:36 (970b52f25bf058293b47ddfd14a1e40e571c508c,branch:main).

Game began 2026-06-02 23:13:11, ended 2026-06-02 23:36:06.

Drastanta, lawful male human Knight

 ----              ---       ---     ----
 |..|              |.---------.-------..-----------
 |..--             |.......|-.....................|--------------  --   |
 --..--------      |...--..|.%..#.....--------....|.....?|......-- .-- .--
  --........|      |...|-....{........|      |....-...._.|...............---
   ------...|      |...|..#....)--)-..|      +....|......|...>.............-
       --...|   ---|...|........|..|..|  -----...^--------...........
      --..-.-----..|.----...--+-|.....-  |..............GG@e.-
     --......-|......|  |...|   --.....  ---|-------------..--
    --.......)|......|  +...|     ......   .             |..|
   --....-..<..)....-----...|    +.-----                 |..-
  --........................|      |                     |...
  |....------...--..........|                            -.---
  |..---    --.---.....---..|                             .-
  ----       ---  #......|..|                            -.
                  *|.....-..-                            |.
                    .|...|..                             |.
                    .|---|..                             |.-
                    --   ----                            ---

Drastanta the Bachelor   St:15 Dx:9 Co:14 In:8 Wi:14 Ch:18  Lawful
Dlvl:5  $:0  HP:0(48) Pw:38(38) AC:3  Xp:6 T:1693 

Latest messages:
 The gnome throws an aklys!
 You are hit by an aklys!
 The aklys returns to the gnome's hand!
 The gnome throws an aklys!
 You are hit by an aklys.
 The gnome swings his aklys.
 The gnome misses!
 The gnome swings his aklys.
 The gnome hits!
 You hear a door open.
 The gnome shoots an arrow!
 The arrow misses the gnome.
 An arrow misses you.
 The gnome swings his aklys.
 The gnome hits!
 The gnome shoots an arrow!
 The arrow misses the gnome.
 An arrow misses you.
 You hear crashing rock.
 The gnome swings his aklys.
 The gnome hits!
 The gnome zaps himself with a copper wand!
 The gnome is suddenly moving faster.
 The gnome shoots an arrow!
 The gnome misfires!
 The arrow misses the gnome.
 You are hit by an arrow.
 The gnome swings his aklys at the saddled pony.
 The gnome misses the saddled pony.
 The saddled pony hits the gnome.
 The saddled pony bites the gnome.
 The gnome shoots an arrow!
 The arrow misses the gnome.
 An arrow misses you.
 The gnome shoots an arrow!
 The arrow hits the gnome.
 The gnome swings his aklys at the saddled pony.
 The gnome hits the saddled pony.
 The saddled pony is killed!
 The gnome swings his aklys.
 The gnome hits!
 The gnome shoots an arrow!
 The arrow misses the gnome.
 An arrow misses you.
 The gnome swings his aklys.
 The gnome hits!
 You die...
 Do you want your possessions identified? [ynq] (y) y
 Do you want to see your attributes? [ynq] (y) n
 Do you want an account of creatures vanquished? [ynaq] (y) q

Inventory:
 Weapons  (')')
  s - a +0 dart
  a - a +1 long sword (alternate weapon; not wielded)
  b - a +1 lance (weapon in right hand)
 Armor    ('[')
  d - an uncursed +0 helmet (being worn)
  f - an uncursed +0 pair of leather gloves (being worn)
  e - an uncursed +0 small shield (being worn)
  c - an uncursed +1 ring mail (being worn)
 Comestibles  ('%')
  g - 13 uncursed apples
  h - 11 uncursed carrots
  m - 2 uncursed food rations
  C - 2 uncursed oranges
  j - an uncursed pancake
  v - an uncursed tripe ration
  n - an uncursed tin of french fried lichen
 Scrolls  ('?')
  i - an uncursed scroll of create monster
  l - an uncursed scroll of gold detection
  x - an uncursed scroll of light
  t - an uncursed scroll of stinking cloud
 Potions  ('!')
  A - an uncursed potion of gain energy
  r - an uncursed potion of sickness
 Wands    ('/')
  z - a wand of digging (0:3)
 Tools    ('(')
  k - an uncursed skeleton key
  q - an uncursed stethoscope

Drastanta the Knight's attributes:

Background:
 You were a Bachelor, a level 6 male human Knight.
 You were lawful, on a mission for Lugh
 who was opposed by Brigit (neutral) and Manannan Mac Lir (chaotic).
 You were right-handed.
 You were in the Gnomish Mines, on level 5.
 You entered the dungeon 1693 turns ago.
 It was nighttime.
 There was a full moon in effect when your adventure ended.
 You had 364 experience points, 276 more were needed to attain level 7.

Basics:
 You had 0 out of 48 hit points.
 You had all 38 energy points (spell power).
 Your armor class was 3.
 Your wallet was empty.
 Autopickup was on for '$' plus thrown.

Final Characteristics:
 Your strength was 15 (limit:18/100).
 Your dexterity was 9 (limit:18).
 Your constitution was 14 (limit:18).
 Your intelligence was 8 (limit:18).
 Your wisdom was 14 (limit:18).
 Your charisma was 18 (limit:18).

Final Status:
 You weren't hungry.
 You were unencumbered.
 You were wielding a lance.
 You had basic skill with lance and could have enhanced that.

Final Attributes:
 You were devoutly aligned.
 You could jump.
 You were warded.
 You were lucky.
 You are dead.

Miscellaneous:
 You didn't encounter any bones levels.
 Total elapsed playing time was 22 minutes and 54 seconds.

Major events:
 Turn
    1: Drastanta the lawful male human Knight entered the dungeon
  454: entered the Gnomish Mines
  505: attained the rank of Esquire (level 3)
 1508: reached Mine Town
 1545: attained the rank of Bachelor (level 6)
 1693: killed by a gnome, while frozen by a floating eye's gaze

You didn't know any spells.

Skills:
 Fighting Skills
   bare handed combat [Unskilled]
   two weapon combat  [Unskilled]
   riding             [Basic]
 Weapon Skills
   dagger             [Unskilled]
   knife              [Unskilled]
   axe                [Unskilled]
   pick-axe           [Unskilled]
   short sword        [Unskilled]
   broadsword         [Unskilled]
   long sword         [Basic]
   two-handed sword   [Unskilled]
   saber              [Unskilled]
   club               [Unskilled]
   mace               [Unskilled]
   morning star       [Unskilled]
   flail              [Unskilled]
   hammer             [Unskilled]
   polearms           [Unskilled]
   spear              [Unskilled]
   trident            [Unskilled]
   lance              [Basic]
   bow                [Unskilled]
   crossbow           [Unskilled]
 Spellcasting Skills
   attack spells      [Unskilled]
   healing spells     [Unskilled]
   clerical spells    [Unskilled]

Voluntary challenges:
 Character rerolling was not enabled.
 You were illiterate.
 You never genocided any monsters.
 You never polymorphed an object.
 You never changed form.
 You used no wishes.
Achievements:
 You entered the Gnomish Mines.
 You attained the rank of Esquire.
 You entered Minetown.
 You attained the rank of Bachelor.
 You entered a temple.

 The Dungeons of Doom: levels 1 to 3
    Level 1:
       A grave.
    Level 2:
       Stairs down to The Gnomish Mines.
    Level 3:
       A fountain.
 The Gnomish Mines: levels 3 to 5
    Level 3:
    Level 4:
    Level 5: <- You were here.
       A temple and an altar, a fountain, some trees.
       Final resting place for
          you, killed by a gnome, while frozen by a floating eye's gaze.


Vanquished creatures:
  a leprechaun
  2 ponies
  5 gnome leaders
  a gnomish wizard
  2 homunculi
  a centipede
  a giant bat
  a hobgoblin
  a cave spider
 21 gnomes
  3 jackals
  a fox
  a kobold
  3 goblins
  2 sewer rats
  2 lichens
  a kobold zombie
  2 newts
51 creatures vanquished.

No species were genocided or became extinct.

Game over:
                       ----------
                      /          \
                     /    REST    \
                    /      IN      \
                   /     PEACE      \
                  /                  \
                  |    Drastanta     |
                  |       0 Au       |
                  |   killed by a    |
                  |      gnome       |
                  |                  |
                  |                  |
                  |       2026       |
                 *|     *  *  *      | *
        _________)/\\_//(\/(/\)/\//\/|_)_______

Fare thee well Drastanta the Knight...

You died in The Gnomish Mines on dungeon level 5 with 1656 points,
and 0 pieces of gold, after 1693 moves.
You were level 6 with a maximum of 48 hit points when you died.

